 Dungeon Crawl Stone Soup version 0.24-a0-516-g9de272bb65 (webtiles) character file.

Game seed: 1806730927358718654

8 vurker the Firebug (level 2, -2/17 HPs)
             Began as an Octopode Fire Elementalist on July 21, 2019.
             Slain by a gnoll
             ... wielding a +0 club
              (9 damage)
             ... on level 1 of the Dungeon.
             The game lasted 00:00:58 (551 turns).

vurker the Firebug (Octopode Fire Elementalist)      Turns: 551, Time: 00:00:58

Health: -2/17      AC:  1    Str:  7    XL:     2   Next: 8%
Magic:  3/5        EV: 13    Int: 17    God:
Gold:   32         SH:  0    Dex: 12    Spells: 2/5 levels left

rFire    . . .     SeeInvis .   b - +0 dagger
rCold    . . .     Gourm    .   (no shield)
rNeg     . . .     Faith    .   (helmet restricted)
rPois    .         Spirit   .   (no amulet)
rElec    .         Reflect  .   (no ring)
rCorr    .         Harm     .   (no ring)
MR       .....                  (no ring)
Stlth    +++.......             (no ring)
HPRegen  0.05/turn              (no ring)
MPRegen  0.09/turn              (no ring)
                                (no ring)
                                (no ring)

@: no status effects
A: almost no armour, stealthy swim, amphibious, 8 rings, constrict 8, camouflage
1, gelatinous body 1
a: no special abilities


You were on level 1 of the Dungeon.
You were not hungry.

You visited 1 branch of the dungeon, and saw 1 of its levels.

You collected 32 gold pieces.

Inventory:

Hand Weapons
 b - a +0 dagger (weapon)
   (You took it off a kobold on level 1 of the Dungeon)
Scrolls
 d - a scroll of teleportation {unknown}
 f - a scroll of remove curse {unknown}
Potions
 a - a potion of berserk rage {unknown}
 c - a potion of haste {unknown}
 g - a potion of invisibility {unknown}
Comestibles
 e - a ration {!d}


   Skills:
 + Level 0.3 Fighting
 - Level 2.0 Dodging
 - Level 2.6 Stealth
 + Level 2.1 Spellcasting
 * Level 1.4 Conjurations
 * Level 3.2 Fire Magic


You had 2 spell levels left.
You knew the following spells:

 Your Spells              Type           Power        Failure   Level  Hunger
a - Flame Tongue          Conj/Fire      #....        8%          1    #......
b - Throw Flame           Conj/Fire      #.....       11%         2    ###....

Your spell library contained the following spells:

 Spells                   Type           Power        Failure   Level  Hunger
 Conjure Flame            Conj/Fire      #.......     22%         3    ###....
 Inner Flame              Hex/Fire       #.......     30%         3    ###....
 Sticky Flame             Conj/Fire      #.......     58%         4    #####..
 Fireball                 Conj/Fire      #.........   90%         5    ######.


Dungeon Overview and Level Annotations

Branches:
Dungeon (1/15)

Altars:


Innate Abilities, Weirdness & Mutations

You cannot wear most types of armour.
You are very stealthy in the water. (Stealth+)
You are amphibious.
You can wear up to eight rings at the same time.
You can use your tentacles to constrict eight enemies at once.
Your skin changes colour to match your surroundings (Stealth+).
Your rubbery body absorbs attacks. (AC +1, EV +1)


Message History

You open the door.
There is an open door here.
There is a stone staircase leading down here.
A kobold comes into view. It is wielding a +0 dagger.
A kobold is nearby!
Aim: a kobold, wielding a +0 dagger The flame tongue hits the kobold.
Aim: a kobold, wielding a +0 dagger (moderately wounded)
The flame tongue hits the kobold!
You kill the kobold!
You have reached level 2!
You see here a +0 dagger.
b - a +0 dagger Wield which item (- for none, * to show all)? (? for menu, Esc to quit)
b - a +0 dagger (weapon)
Memorise Throw Flame, consuming 2 spell levels and leaving 2?
You start memorising the spell.
You continue memorising. x2
You finish memorising.
Spell assigned to 'b'.
Found a viscous red potion.
g - a viscous red potion
There is a stone staircase leading down here.
As you open the door, it creaks loudly!
You hear a shout! x2
There is an open door here.
A hobgoblin comes into view.
A hobgoblin is nearby!
A gnoll comes into view. It is wielding a +0 club.
Aim: a hobgoblin The flame tongue hits the hobgoblin!
You kill the hobgoblin!
You can't see any susceptible monsters within range! (Use Z to cast anyway.)
There is an open door here.
You close the door.
A gnoll opens the door.
Aim: a gnoll, wielding a +0 club The flame tongue hits the gnoll.
Aim: a gnoll, wielding a +0 club (moderately wounded)
The flame tongue hits the gnoll but does no damage.
Aim: a gnoll, wielding a +0 club (moderately wounded)
The flame tongue hits the gnoll but does no damage.
The gnoll hits you with a +0 club!
Ouch! That really hurt!
* * * LOW HITPOINT WARNING * * *
There is an open door here.
Aim: a gnoll, wielding a +0 club (moderately wounded)
The flame tongue hits the gnoll.
The gnoll hits you with a +0 club.
* * * LOW HITPOINT WARNING * * *
Aim: a gnoll, wielding a +0 club (heavily wounded)
The flame tongue hits the gnoll.
The gnoll hits you with a +0 club!
Ouch! That really hurt!
You die...

#....##÷##.###......(...##.###
..................##.##.#8.8#
........................#...#
#..#.##.##...........####...##
#..##....######.##.### #≈...≈#
#..##....# #.##.# #≈...≈#
#...#....# #.##.# #≈...≈#
#.#.#....# #g##.# #≈...≈#
..#.#....# #.@..# #≈.<.≈#
###......### ####.# ###...##
####.....#.#######'####.##.##
.........#..............####
#####....#..............#
##### #
#....#..............###...# #
###..##..................### #
#.#...........##.....#.#.# #
#.#.........####.....#...#####


You could see a gnoll.

Vanquished Creatures
  A leopard gecko (D:1)
  A ball python (D:1)
  A hobgoblin (D:1)
  2 kobolds (D:1)
  A rat (D:1)
6 creatures vanquished.

Notes
Turn   | Place    | Note
-------+----------+-------------------------------------------
     0 | D:1      | vurker the Octopode Fire Elementalist began the quest for
                  | the Orb.
     0 | D:1      | Reached XP level 1. HP: 11/11 MP: 3/3
   373 | D:1      | Reached XP level 2. HP: 17/17 MP: 1/5
   380 | D:1      | Learned a level 2 spell: Throw Flame
   551 | D:1      | Slain by a gnoll

Levels and vault maps discovered:
D:1:      wander_arrival_chamber, layout_basic, grunt_decor_cap

Action                   || total
-------------------------++-------
Melee: Unarmed           ||     2
       Constrict         ||     1
 Cast: Flame Tongue      ||    15
Dodge: Dodged            ||     3

Table legend:
 A = Non-vault XP
 B = Vault XP
 C = Vault XP percentage of total XP
 D = Non-vault monster count
 E = Vault monster count
 F = Vault count percentage of total count
                 A         B        C        D         E       F
            +---------+---------+-------+---------+---------+-------
      Total |      12 |       0 |   0.0 |       6 |       0 |   0.0
            +---------+---------+-------+---------+---------+-------
        D:1 |      12 |       0 |   0.0 |       6 |       0 |   0.0
            +---------+---------+-------+---------+---------+-------
